[Event "45th National Sub Junior 2019"]
[Site "Tiruchengode"]
[Date "2019.07.10"]
[Round "3.1"]
[White "Pranesh M"]
[Black "Vignesh, N."]
[Result "1-0"]
[ECO "C84"]
[WhiteElo "2343"]
[BlackElo "1882"]
[Annotator "NA"]
[PlyCount "113"]
[EventDate "2019.07.09"]
[EventCountry "IND"]
[SourceTitle "playchess.com"]
[Source "ChessBase"]
[SourceQuality "1"]
[TimeControl "5400+30"]

1. e4 e5 2. Nf3 Nc6 3. Bb5 a6 4. Ba4 Nf6 5. O-O Be7 6. d3 b5 7. Bb3 d6 8. a3 O-O 9. h3 Be6 10. Nc3 Bxb3 11. cxb3 h6 12. Qc2 Qd7 13. Be3 d5 14. Nxd5 Nxd5 15. exd5 Qxd5 16. Rac1 Nd4 17. Bxd4 exd4 18. Qxc7 Bf6 19. Nd2 Qf5 20. Ne4 Be5 21. Rc5 Rfe8 22. f4 Qxe4 23. Qxf7+ Kxf7 24. fxe5+ Ke6 25. dxe4 Rac8 26. Rfc1 Rxc5 27. Rxc5 Rd8 28. Kf2 d3 29. Ke1 d2+ 30. Kd1 Rd3 31. Rc3 Rd4 32. Rc6+ Kxe5 33. Rxa6 Rd3 34. Ra5 Rxb3 35. a4 Rg3 36. Rxb5+ Kxe4 37. Rb4+ Kd5 38. a5 Rxg2 39. Rg4 Rh2 40. Rxg7 Rxh3 41. Rb7 Rh1+ 42. Kxd2 h5 43. Kc3 h4 44. Kb4 h3 45. Kb5 h2 46. Rh7 Kd6 47. a6 Rd1 48. Rxh2 Kc7 49. Rc2+ Kb8 50. Kb6 Rd8 51. b4 Ka8 52. b5 Rb8+ 53. Ka5 Rh8 54. Rc5 Ka7 55. b6+ Ka8 56. a7 Rh1 57. Rc8+ 1-0

[Event "45th National Sub Junior 2019"]
[Site "Tiruchengode"]
[Date "2019.07.10"]
[Round "3.2"]
[White "Rakshith, Srinivasan"]
[Black "Rohith Krishna S"]
[Result "0-1"]
[ECO "C54"]
[WhiteElo "1889"]
[BlackElo "2312"]
[Annotator "NA"]
[PlyCount "172"]
[EventDate "2019.07.09"]
[EventCountry "IND"]
[SourceTitle "playchess.com"]
[Source "ChessBase"]
[SourceQuality "1"]
[TimeControl "5400+30"]

1. e4 e5 2. Nf3 Nc6 3. Bc4 Bc5 4. c3 Nf6 5. d3 a6 6. O-O O-O 7. h3 d6 8. Bb3 Ba7 9. Nbd2 Be6 10. Re1 Re8 11. Bxe6 fxe6 12. Nf1 Qd7 13. Ng3 h6 14. Be3 Bxe3 15. fxe3 d5 16. exd5 exd5 17. e4 dxe4 18. dxe4 Qe6 19. Qc2 Rad8 20. b3 Ne7 21. Nh4 Rd7 22. Rad1 Red8 23. Nhf5 Ng6 24. Ne3 Nf4 25. Kh2 Rd3 26. Nd5 Rxd1 27. Nxf6+ Qxf6 28. Rxd1 g6 29. Rxd8+ Qxd8 30. Ne2 Ne6 31. Kg1 Kg7 32. g3 Ng5 33. h4 Nf3+ 34. Kf2 Qf6 35. Ke3 Nh2 36. Kd2 Qf2 37. Kc1 Kf7 38. Qd3 Ke7 39. Qc4 c6 40. Qb4+ Ke8 41. Qc4 Kd7 42. Kb2 b5 43. Qd3+ Ke7 44. a4 Ng4 45. Ka3 Nf6 46. Kb4 Nd7 47. c4 a5+ 48. Kxa5 bxa4 49. Kb4 axb3 50. Nc3 Qb6+ 51. Ka3 Nc5 52. Qd2 b2 53. Qc2 Qa5+ 54. Kxb2 Qb4+ 55. Kc1 Qxc4 56. Kd2 Nb3+ 57. Ke3 Qc5+ 58. Kd3 Qd4+ 59. Ke2 Qb6 60. Kf1 Nd4 61. Qa2 Qc5 62. Nd1 Qb5+ 63. Kf2 Qd3 64. Ne3 Qxe4 65. Qa3+ Kf7 66. Qa2+ Kg7 67. Nd1 Qf3+ 68. Ke1 Qxg3+ 69. Qf2 Qxf2+ 70. Kxf2 Kf6 71. Ke3 Kf5 72. Nf2 Ne6 73. Nd3 Nf4 74. Ne1 e4 75. Kd4 Ne2+ 76. Ke3 Ng3 77. Ng2 Kg4 78. Nf4 Kf5 79. Ng2 c5 80. Ne1 Ke5 81. Ng2 Nf5+ 82. Ke2 c4 83. Kd2 Kd4 84. Ne1 e3+ 85. Ke2 Ke4 86. Nf3 Ng3+ 0-1

[Event "45th National Sub Junior 2019"]
[Site "Tiruchengode"]
[Date "2019.07.10"]
[Round "3.3"]
[White "Pranav Vijay"]
[Black "Banerjee, Ashutosh"]
[Result "1-0"]
[ECO "C11"]
[WhiteElo "2265"]
[BlackElo "1849"]
[Annotator "NA"]
[PlyCount "57"]
[EventDate "2019.07.09"]
[EventCountry "IND"]
[SourceTitle "playchess.com"]
[Source "ChessBase"]
[SourceQuality "1"]
[TimeControl "5400+30"]

1. e4 e6 2. d4 d5 3. Nc3 Nf6 4. e5 Nfd7 5. f4 c5 6. Nf3 Nc6 7. Be3 a6 8. Qd2 b5 9. dxc5 Bxc5 10. Bd3 Qb6 11. Nd1 b4 12. O-O a5 13. Qf2 Ba6 14. Re1 g6 15. Kh1 a4 16. Rc1 Bxe3 17. Nxe3 Nc5 18. Ng4 Qa7 19. Nf6+ Kd8 20. Bxa6 Nxa6 21. Qh4 Qe7 22. c4 bxc3 23. Rxc3 Rc8 24. Rec1 Na7 25. Rxc8+ Nxc8 26. f5 a3 27. bxa3 gxf5 28. Qa4 Nc7 29. Nd4 1-0

[Event "45th National Sub Junior 2019"]
[Site "Tiruchengode"]
[Date "2019.07.10"]
[Round "3.4"]
[White "Arjun, Gupta"]
[Black "Samant Aditya S"]
[Result "1/2-1/2"]
[ECO "D00"]
[WhiteElo "1851"]
[BlackElo "2296"]
[Annotator "NA"]
[PlyCount "84"]
[EventDate "2019.07.09"]
[EventCountry "IND"]
[SourceTitle "playchess.com"]
[Source "ChessBase"]
[SourceQuality "1"]
[TimeControl "5400+30"]

1. d4 Nf6 2. Bf4 d5 3. e3 c5 4. c3 Nc6 5. Nd2 Bf5 6. Qb3 Qd7 7. dxc5 e5 8. Bg3 Bxc5 9. Ngf3 Qe7 10. Bb5 d4 11. O-O dxe3 12. fxe3 Bxe3+ 13. Kh1 O-O 14. Bxc6 bxc6 15. Nxe5 Be6 16. Qc2 Bxd2 17. Qxd2 Ne4 18. Qf4 Nxg3+ 19. Qxg3 Qc7 20. b3 Rfe8 21. c4 Rad8 22. Rad1 f6 23. Nf3 Qxg3 24. hxg3 Bf5 25. Kg1 Bc2 26. Rxd8 Rxd8 27. Re1 Kf7 28. Kf2 g5 29. Re2 Bf5 30. Rd2 Rxd2+ 31. Nxd2 c5 32. g4 Bxg4 33. Ne4 Ke6 34. Nxc5+ Ke5 35. Ke3 h5 36. Nd3+ Ke6 37. b4 h4 38. a4 Bf5 39. a5 Kd6 40. b5 Bxd3 41. Kxd3 g4 42. Ke3 Kc5 1/2-1/2

[Event "45th National Sub Junior 2019"]
[Site "Tiruchengode"]
[Date "2019.07.10"]
[Round "3.4"]
[White "Arjun, Gupta"]
[Black "Samant Aditya S"]
[Result "*"]
[ECO "D00"]
[WhiteElo "1851"]
[BlackElo "2296"]
[Annotator "NA"]
[PlyCount "54"]
[EventDate "2019.07.09"]
[EventCountry "IND"]
[SourceTitle "playchess.com"]
[Source "ChessBase"]
[SourceQuality "1"]
[TimeControl "5400+30"]

1. d4 Nf6 2. Bf4 d5 3. e3 c5 4. c3 Nc6 5. Nd2 Bf5 6. Qb3 Qd7 7. dxc5 e5 8. Bg3 Bxc5 9. Ngf3 Qe7 10. Bb5 d4 11. O-O dxe3 12. fxe3 Bxe3+ 13. Kh1 O-O 14. Bxc6 bxc6 15. Nxe5 Be6 16. Qc2 Bxd2 17. Qxd2 Ne4 18. Qf4 Nxg3+ 19. Qxg3 Qc7 20. b3 Rfe8 21. c4 Rad8 22. Rad1 f6 23. Nf3 Qxg3 24. hxg3 Bf5 25. Kg1 Bc2 26. Rd3 Rd7 27. Rxd7 Rd8 *

[Event "45th National Sub Junior 2019"]
[Site "Tiruchengode"]
[Date "2019.07.10"]
[Round "3.5"]
[White "Aaryan Varshney"]
[Black "Komal, Srivatsav Sajja"]
[Result "1-0"]
[ECO "A43"]
[WhiteElo "2284"]
[BlackElo "1832"]
[Annotator "NA"]
[PlyCount "119"]
[EventDate "2019.07.09"]
[EventCountry "IND"]
[SourceTitle "playchess.com"]
[Source "ChessBase"]
[SourceQuality "1"]
[TimeControl "5400+30"]

1. d4 Nf6 2. Nf3 c5 3. d5 b5 4. Bg5 Qb6 5. Nc3 g6 6. d6 Bb7 7. e3 a6 8. Be2 b4 9. Na4 Qa5 10. b3 Bg7 11. O-O Ne4 12. Bxe7 Nc6 13. Qd5 Nd8 14. Bxd8 Bxd5 15. Bxa5 Bxa1 16. Rxa1 Bc6 17. Nb6 Rb8 18. Nc4 Bb5 19. Bc7 Ra8 20. Nfe5 O-O 21. Bf3 f5 22. Nb6 Rae8 23. Nbxd7 Bxd7 24. Nxd7 Rf7 25. Bxe4 fxe4 26. Nxc5 Rc8 27. d7 Rxd7 28. Nxd7 Rxc7 29. Nf6+ Kf7 30. Nxe4 Rxc2 31. g3 a5 32. Nd6+ Kf6 33. Nb7 a4 34. bxa4 Rc7 35. Na5 Ra7 36. Nc6 Rxa4 37. Rb1 Rxa2 38. Rxb4 g5 39. Kg2 h5 40. Nd4 h4 41. g4 h3+ 42. Kg3 Rd2 43. Rb6+ Kf7 44. Nf3 Rd5 45. Kxh3 Kg7 46. Kg3 Kh7 47. Re6 Kg7 48. Re5 Rd6 49. Rxg5+ Kh7 50. h4 Kh8 51. h5 Rc6 52. Ra5 Rc8 53. g5 Rc1 54. g6 Rc8 55. h6 Rg8 56. Ne5 Rc8 57. Ra7 Rb8 58. Rh7+ Kg8 59. Rg7+ Kf8 60. Nd7+ 1-0

[Event "45th National Sub Junior 2019"]
[Site "Tiruchengode"]
[Date "2019.07.10"]
[Round "3.6"]
[White "Avinash, Ramesh"]
[Black "Kushagra Mohan"]
[Result "0-1"]
[ECO "B07"]
[WhiteElo "1848"]
[BlackElo "2250"]
[Annotator "NA"]
[PlyCount "106"]
[EventDate "2019.07.09"]
[EventCountry "IND"]
[SourceTitle "playchess.com"]
[Source "ChessBase"]
[SourceQuality "1"]
[TimeControl "5400+30"]

1. e4 d6 2. d4 Nf6 3. Nc3 g6 4. f3 c6 5. Be3 Nbd7 6. Qd2 b5 7. h4 h5 8. Nh3 Bg7 9. a3 Qc7 10. Rd1 a6 11. Ng5 O-O 12. Nh3 Nb6 13. Bh6 c5 14. Bxg7 Kxg7 15. dxc5 dxc5 16. Qf4 e5 17. Qe3 Bxh3 18. Rxh3 Rfd8 19. Rxd8 Rxd8 20. Be2 b4 21. Nb1 a5 22. Rh1 c4 23. Kf2 Na4 24. axb4 axb4 25. b3 Nb6 26. Nd2 c3 27. Nf1 Nbd7 28. Ng3 Ra8 29. Rc1 Qc5 30. Qxc5 Nxc5 31. Nf1 Ne6 32. Ne3 Nd4 33. Bd3 Ra2 34. Kg3 Nd7 35. Rd1 Nc5 36. Nd5 Nxd3 37. Rxd3 Nxc2 38. Nxb4 Nxb4 39. Rxc3 Rc2 40. Re3 Nc6 41. Kh3 Nd4 42. b4 Ne2 43. Kh2 Nf4 44. Rb3 Rxg2+ 45. Kh1 g5 46. b5 g4 47. fxg4 hxg4 48. b6 g3 49. b7 Rh2+ 50. Kg1 Nh3+ 51. Kf1 g2+ 52. Ke2 g1=Q+ 53. Kd3 Qd4# 0-1

[Event "45th National Sub Junior 2019"]
[Site "Tiruchengode"]
[Date "2019.07.10"]
[Round "3.7"]
[White "Vignesh, B."]
[Black "Ajay Karthikeyan"]
[Result "0-1"]
[ECO "B50"]
[WhiteElo "1806"]
[BlackElo "2216"]
[Annotator "NA"]
[PlyCount "146"]
[EventDate "2019.07.09"]
[EventCountry "IND"]
[SourceTitle "playchess.com"]
[Source "ChessBase"]
[SourceQuality "1"]
[TimeControl "5400+30"]

1. e4 c5 2. Nf3 d6 3. c3 Nf6 4. Be2 e6 5. O-O Be7 6. Re1 O-O 7. Bf1 b6 8. d4 Ba6 9. Bxa6 Nxa6 10. d5 Nc7 11. c4 e5 12. Nc3 a6 13. a4 Nd7 14. Nd2 g6 15. Qe2 a5 16. Nb5 Ne8 17. Ra3 Ng7 18. Nf1 f5 19. Bh6 f4 20. Nd2 Rf7 21. Bxg7 Rxg7 22. Qg4 Nf8 23. Rb3 h5 24. Qe2 Qd7 25. Qf3 Bd8 26. Qh3 Qe7 27. Rd1 Qf6 28. Nf1 Rh7 29. Qf3 g5 30. h3 Qg6 31. Nh2 Rb8 32. Qe2 Rbb7 33. f3 Rbg7 34. Rdd3 Rh6 35. Rd1 Qe8 36. Rd2 Qd7 37. Nc3 Nh7 38. Nd1 Qxa4 39. Rb5 Qa1 40. Nf1 g4 41. fxg4 hxg4 42. hxg4 Ng5 43. Nf2 Rf7 44. Qd1 Qxd1 45. Rxd1 Kf8 46. Rb3 Ke8 47. Nd2 Rfh7 48. Kf1 Kd7 49. Nf3 Kc7 50. Nxg5 Bxg5 51. Rh3 b5 52. cxb5 Kb6 53. Rxh6 Rxh6 54. Nh3 Bd8 55. Kf2 Kxb5 56. Kf3 Rg6 57. Rd3 c4 58. Ra3 Kb4 59. Nf2 Rh6 60. Nh3 Rg6 61. Nf2 Bb6 62. Nd1 Rh6 63. g5 Rg6 64. g3 fxg3 65. Kxg3 Rxg5+ 66. Kf3 Bd4 67. Nc3 Bxc3 68. Rxc3 Rg1 69. Re3 a4 70. Re2 Kb3 71. Rh2 c3 72. bxc3 a3 73. c4 a2 0-1

[Event "45th National Sub Junior 2019"]
[Site "Tiruchengode"]
[Date "2019.07.10"]
[Round "3.8"]
[White "Nikhil Magizhnan"]
[Black "Rohnit, G Amin"]
[Result "1-0"]
[ECO "C02"]
[WhiteElo "2164"]
[BlackElo "1766"]
[Annotator "NA"]
[PlyCount "113"]
[EventDate "2019.07.09"]
[EventCountry "IND"]
[SourceTitle "playchess.com"]
[Source "ChessBase"]
[SourceQuality "1"]
[TimeControl "5400+30"]

1. e4 e6 2. d4 d5 3. e5 c5 4. c3 Nc6 5. Nf3 Bd7 6. Be2 a6 7. O-O cxd4 8. cxd4 Rc8 9. Nc3 b5 10. Bd3 Qb6 11. Ne2 Nge7 12. Be3 Nb4 13. Bb1 a5 14. Nd2 a4 15. f4 Nf5 16. Bf2 h5 17. h3 h4 18. Nf3 Be7 19. Nc3 g6 20. a3 Nc6 21. Bxf5 gxf5 22. Qe1 Rb8 23. Nxh4 Nxd4 24. Nxf5 exf5 25. Qd1 Bc5 26. Nxd5 Qa7 27. Nf6+ Ke7 28. Rc1 Be6 29. Rxc5 Qxc5 30. Bxd4 Qc6 31. Bc3 Bc4 32. Bb4+ Ke6 33. Ne4 Qd5 34. Nc5+ Ke7 35. Na6+ Kd7 36. Nxb8+ Rxb8 37. Qxd5+ Bxd5 38. Rc1 Rg8 39. Rc2 Ke6 40. Kh2 Bc4 41. Rd2 Bd5 42. Bc3 Rh8 43. g4 Rd8 44. Kg3 Rg8 45. Kh4 Rh8+ 46. Kg5 Rg8+ 47. Kh6 Rh8+ 48. Kg7 Rd8 49. Ba5 Rd7 50. Kf8 fxg4 51. hxg4 Ra7 52. Bc3 Ra8+ 53. Kg7 Rd8 54. f5+ Ke7 55. e6 Rd6 56. Bb4 fxe6 57. f6+ 1-0

[Event "45th National Sub Junior 2019"]
[Site "Tiruchengode"]
[Date "2019.07.10"]
[Round "3.9"]
[White "Sanket Chakravarty"]
[Black "Singh, Ojasva"]
[Result "1-0"]
[ECO "A34"]
[WhiteElo "2107"]
[BlackElo "1752"]
[Annotator "NA"]
[PlyCount "129"]
[EventDate "2019.07.09"]
[EventCountry "IND"]
[SourceTitle "playchess.com"]
[Source "ChessBase"]
[SourceQuality "1"]
[TimeControl "5400+30"]

1. c4 e5 2. g3 Nf6 3. Bg2 d5 4. cxd5 Nxd5 5. Nc3 Nxc3 6. bxc3 c5 7. d3 Nc6 8. Nf3 Be7 9. O-O O-O 10. Nd2 Be6 11. Rb1 Qc7 12. Qa4 Rac8 13. Nc4 f6 14. f4 exf4 15. Bxf4 Qd7 16. Bxc6 bxc6 17. Qa6 Bg4 18. Rf2 g5 19. Rb7 Qe6 20. Bd6 Rfe8 21. Qxa7 Ra8 22. Qxc5 Rxa2 23. e4 Ra1+ 24. Rf1 Rxf1+ 25. Kxf1 Bxd6 26. Nxd6 Ra8 27. Rb2 Ra1+ 28. Kf2 Ra2 29. Nc4 Rxb2+ 30. Nxb2 Kg7 31. Nc4 Qd7 32. Qd4 Qxd4+ 33. cxd4 Kf7 34. Ke3 Ke6 35. Nb6 Kd6 36. Na4 Bc8 37. Nc5 Bg4 38. Kd2 h5 39. Kc3 Bc8 40. Kc4 Bg4 41. Kc3 Bc8 42. Nb3 Bg4 43. Na5 Bd7 44. Nc4+ Kc7 45. Kb4 f5 46. Ne5 Be6 47. exf5 Bxf5 48. Kc5 Bh7 49. Nxc6 Bxd3 50. d5 Bf5 51. d6+ Kd7 52. Ne5+ Kc8 53. Kd5 Bh3 54. Nf7 Kd7 55. Nxg5 Bg4 56. Ke5 Bd1 57. Ne4 Be2 58. Nf6+ Kd8 59. Kf5 Bd1 60. Kg5 Be2 61. h4 Bd1 62. Nxh5 Kd7 63. Nf6+ Kxd6 64. Kg6 Ke6 65. g4 {[%emt 0:04:41] Kd5} 1-0

[Event "45th National Sub Junior 2019"]
[Site "Tiruchengode"]
[Date "2019.07.10"]
[Round "3.10"]
[White "Srujan, Keerthan Solletti"]
[Black "Srihari, L."]
[Result "0-1"]
[ECO "B99"]
[WhiteElo "1784"]
[BlackElo "2077"]
[Annotator "NA"]
[PlyCount "66"]
[EventDate "2019.07.09"]
[EventCountry "IND"]
[SourceTitle "playchess.com"]
[Source "ChessBase"]
[SourceQuality "1"]
[TimeControl "5400+30"]

1. e4 c5 2. Nf3 d6 3. d4 cxd4 4. Nxd4 Nf6 5. Nc3 a6 6. Bg5 e6 7. f4 Nbd7 8. Qf3 Qc7 9. g4 b5 10. Bxf6 Nxf6 11. g5 Nd7 12. a3 Bb7 13. O-O-O Be7 14. h4 O-O-O 15. Bh3 Kb8 16. Bxe6 fxe6 17. Nxe6 Qc4 18. Nxd8 Rxd8 19. Nd5 Bxd5 20. exd5 Rc8 21. Rh2 Qa2 22. c3 Nc5 23. f5 a5 24. Qe2 Bd8 25. Qxb5+ Ka7 26. Re2 Rb8 27. Qc6 Qa1+ 28. Kd2 Qxb2+ 29. Ke1 Qxc3+ 30. Kf2 Ne4+ 31. Kg2 Qg3+ 32. Kf1 Qf3+ 33. Ke1 Qh1# 0-1

[Event "45th National Sub Junior 2019"]
[Site "Tiruchengode"]
[Date "2019.07.11"]
[Round "4.1"]
[White "Srihari, L."]
[Black "Pranesh M"]
[Result "1/2-1/2"]
[ECO "C54"]
[WhiteElo "2077"]
[BlackElo "2343"]
[Annotator "RC"]
[PlyCount "135"]
[EventDate "2019.07.09"]
[EventCountry "IND"]
[TimeControl "5400+30"]

1. e4 e5 2. Nf3 Nc6 3. Bc4 Nf6 4. d3 Bc5 5. c3 O-O 6. O-O d6 7. Bb3 h6 8. Nbd2 a6 9. h3 Ba7 10. Nc4 Be6 11. Re1 Re8 12. Be3 b5 13. Ncd2 Bxe3 14. Rxe3 d5 15. exd5 Nxd5 16. Bxd5 Qxd5 17. Qe1 f6 18. c4 bxc4 19. dxc4 Qa5 20. a3 Red8 21. b4 Qb6 22. Rc1 Nd4 23. Nxd4 Rxd4 24. Ne4 Rxc4 25. Nxf6+ Kh8 26. Rxc4 Bxc4 27. Nd7 Qe6 28. Nxe5 Bd5 29. Qc3 c6 30. Rg3 Qf6 31. Ng6+ Kg8 32. Qxf6 gxf6 33. Ne7+ Kf7 34. Nf5 h5 35. Re3 a5 36. Nd6+ Kf8 37. b5 cxb5 38. Nxb5 Rb8 39. Nc3 Bf7 40. Ne4 Rb6 41. Kh2 Kg7 42. Kg3 Bd5 43. Nc3 Bb7 44. Ne2 Kh6 45. h4 Bd5 46. Nf4 Bf7 47. Rc3 Rb5 48. f3 Kg7 49. Rc7 Kf8 50. Ra7 Rc5 51. Kf2 Rc2+ 52. Ke3 Rc3+ 53. Ke4 Rxa3 54. Kf5 Rb3 55. Rxa5 Kg7 56. Rc5 Re3 57. Ra5 Rb3 58. Ke4 Kh6 59. Ra7 Bg6+ 60. Kd5 Rb4 61. g3 Rb3 62. Ke6 Rxf3 63. Kxf6 Rxg3 64. Rg7 Rf3 65. Rxg6+ Kh7 66. Rg7+ Kh6 67. Rg6+ Kh7 68. Rg7+ 1/2-1/2

[Event "45th National Sub Junior 2019"]
[Site "Tiruchengode"]
[Date "2019.07.11"]
[Round "4.2"]
[White "Rohith Krishna S"]
[Black "Srikrishnan P"]
[Result "*"]
[ECO "A46"]
[WhiteElo "2312"]
[BlackElo "1990"]
[Annotator "NA"]
[PlyCount "43"]
[EventDate "2019.07.09"]
[EventCountry "IND"]
[SourceTitle "playchess.com"]
[Source "ChessBase"]
[SourceQuality "1"]
[TimeControl "5400+30"]

1. Nf3 Nf6 2. g3 b5 3. Bg2 Bb7 4. O-O e6 5. b3 Be7 6. Bb2 O-O 7. d4 c5 8. Nbd2 cxd4 9. Bxd4 Nc6 10. Bb2 d5 11. c4 bxc4 12. bxc4 dxc4 13. Nxc4 Qc7 14. Rc1 Rac8 15. Qa4 Qb8 16. Ba1 Qa8 17. Bxf6 gxf6 18. Ne3 Kh8 $14 ({Better is} 18... Nb4 $11) 19. Rfd1 Rfd8 20. Qh4 Rd5 21. Rd2 Rxd2 22. Rd1 *

[Event "45th National Sub Junior 2019"]
[Site "Tiruchengode"]
[Date "2019.07.11"]
[Round "4.2"]
[White "Rohith Krishna S"]
[Black "Srikrishnan P"]
[Result "1-0"]
[ECO "A46"]
[WhiteElo "2312"]
[BlackElo "1990"]
[Annotator "NA"]
[PlyCount "207"]
[EventDate "2019.07.09"]
[EventCountry "IND"]
[SourceTitle "playchess.com"]
[Source "ChessBase"]
[SourceQuality "1"]
[TimeControl "5400+30"]

1. Nf3 Nf6 2. g3 b5 3. Bg2 Bb7 4. O-O e6 5. b3 Be7 6. Bb2 O-O 7. d4 c5 8. Nbd2 cxd4 9. Bxd4 Nc6 10. Bb2 d5 11. c4 bxc4 12. bxc4 dxc4 13. Nxc4 Qc7 14. Rc1 Rac8 15. Qa4 Qb8 16. Ba1 Qa8 17. Bxf6 gxf6 18. Ne3 Kh8 $14 ({Better is} 18... Nb4 $11) 19. Rfd1 Rfd8 20. Qh4 Rxd1+ 21. Rxd1 Rd8 22. Rb1 Rd7 23. Qh5 Qg8 24. Qb5 Qc8 25. Rc1 Rc7 26. Qc4 Bd8 27. Rd1 Ne5 28. Nxe5 Rxc4 29. Bxb7 Qxb7 30. Rxd8+ Kg7 31. N5xc4 Qb1+ 32. Kg2 Qxa2 33. Rd2 Qa1 34. Rd3 Qb1 35. Ra3 Qb7+ 36. f3 Qd7 37. Kf2 Qd4 38. Ke1 Qc5 39. Ra5 Qd4 40. Kf2 Kg8 41. Rb5 Kg7 42. Rb3 Qc5 43. Rd3 Kg8 44. Rd7 a6 45. Rd6 Qa7 46. Ke1 a5 47. Rd3 Qc5 48. Kd2 Qb4+ 49. Rc3 a4 50. g4 a3 51. Nxa3 Qd6+ 52. Rd3 Qxh2 53. Nac4 Qb8 54. Kc3 Qb1 55. Nc2 Qb8 56. Nb4 Qh2 57. Rd2 Qc7 58. Na6 Qh2 59. Nc5 h5 60. gxh5 Qxh5 61. Ne4 Qg6 62. Rd8+ Kh7 63. Rd7 f5 64. Rxf7+ Kh8 65. Ned6 Qg1 66. Rb7 Qe1+ 67. Kd3 Qd1+ 68. Nd2 Qa1 69. N6c4 Qa8 70. Rd7 Qc6 71. Rd6 Qc5 72. f4 Kg8 73. Rd7 Qc6 74. Ne5 Qb5+ 75. Ndc4 Qb3+ 76. Kd2 Qa2+ 77. Ke3 Qb3+ 78. Kf2 Qh3 79. Nd2 Qh2+ 80. Ke3 Qg1+ 81. Kd3 Qb6 82. Ndf3 Qb3+ 83. Kd4 Qd1+ 84. Ke3 Qc1+ 85. Rd2 Qc5+ 86. Nd4 Qc3+ 87. Rd3 Qc1+ 88. Kf3 Qf1+ 89. Kg3 Qg1+ 90. Kh4 Kf8 91. Nxe6+ Ke7 92. Ng7 Kf6 93. Nh5+ Ke6 94. Rg3 Qh2+ 95. Kg5 Qxe2 96. Ng7+ Kd5 97. Nxf5 Qe1 98. Rd3+ Kc5 99. Kf6 Qh1 100. Ke6 Qh5 101. Rc3+ Kb4 102. Rc4+ Kb5 103. Nd6+ Kb6 104. Nd7+ 1-0

[Event "45th National Sub Junior 2019"]
[Site "Tiruchengode"]
[Date "2019.07.11"]
[Round "4.3"]
[White "Ayushh Ravikumar"]
[Black "Pranav Vijay"]
[Result "1/2-1/2"]
[ECO "E11"]
[WhiteElo "1946"]
[BlackElo "2265"]
[Annotator "NA"]
[PlyCount "161"]
[EventDate "2019.07.09"]
[EventCountry "IND"]
[SourceTitle "playchess.com"]
[Source "ChessBase"]
[SourceQuality "1"]
[TimeControl "5400+30"]

1. d4 Nf6 2. Nf3 e6 3. c4 Bb4+ 4. Bd2 c5 5. a3 Bxd2+ 6. Nbxd2 {[%emt 0:00:07] E11: Bogo-Indian} (6. Qxd2 cxd4 7. Nxd4 O-O 8. Nc3 d5 9. e3 dxc4 10. Bxc4 Bd7 11. O-O Nc6 12. Rfd1 Nxd4 13. Qxd4 Bc6 14. Qxd8 {½-½ (14) Stupak,K (2535)-Moiseenko,A (2663) Gjakova 2016}) 6... cxd4 7. Nxd4 O-O 8. g3 Qb6 $146 ({Predecessor:} 8... e5 9. N4b3 d5 10. cxd5 Qxd5 11. Nf3 Qb5 12. e3 Qb6 13. Qc2 {½-½ (61) Thompson,E (1854)-Hague,B (2320) Tromsoe 2014}) 9. N2b3 d5 10. c5 Qd8 11. Bg2 Bd7 12. O-O e5 13. Nc2 Be6 ({Better is} 13... Ba4 $15 14. Nd2 Nbd7) 14. Rc1 Nc6 15. Nb4 (15. f4 $11) 15... a5 16. Nxc6 bxc6 17. Nd2 Rb8 18. Qc2 Nd7 (18... Rb5 $17 19. a4 Rb4) 19. Rb1 Rb5 20. b4 axb4 21. axb4 Qb8 $11 22. Qc3 Rc8 23. e3 Bf5 24. Rb3 Qc7 25. f4 Be6 26. Rbb1 f6 27. Rfc1 Rbb8 28. Bf1 Qd8 29. Bd3 Rc7 30. Nb3 d4 31. exd4 exf4 32. Bc4 Bxc4 33. Qxc4+ Kh8 34. gxf4 Nf8 35. Rd1 Qd7 36. Qc3 Ng6 37. Rf1 Qf5 38. Rbe1 Nxf4 39. Nc1 g5 40. Ne2 Qg4+ 41. Ng3 Ra7 42. Qf3 Qxf3 43. Rxf3 Kg7 44. Nf5+ Kf7 45. Nd6+ Kg6 46. Rb3 Ra2 47. Re8 Rxe8 48. Nxe8 Ne2+ 49. Kf1 Nxd4 50. Rd3 Nf5 51. b5 cxb5 52. c6 Rc2 53. c7 b4 54. Rd8 Ne7 55. Rb8 Rc4 56. Ke2 h5 57. Kd3 Rc3+ 58. Kd2 Rc5 59. Rxb4 Nd5 60. Rb7 h4 61. Rb5 Nxc7 62. Rxc5 Nxe8 63. h3 Ng7 64. Ke1 Ne6 65. Rc3 Nf4 66. Kf1 Kh5 67. Ra3 f5 68. Rf3 Nd5 69. Kf2 Kg6 70. Rd3 Nf4 71. Ra3 Nd5 72. Kf3 Kh5 73. Ra5 Nf4 74. Rxf5 Nxh3 75. Rf8 Ng1+ 76. Kf2 Nh3+ 77. Kf3 Nf4 78. Rxf4 gxf4 79. Kxf4 h3 80. Kg3 h2 81. Kxh2 1/2-1/2

[Event "45th National Sub Junior 2019"]
[Site "Tiruchengode"]
[Date "2019.07.11"]
[Round "4.4"]
[White "Devesh Anand Naik"]
[Black "Aaryan Varshney"]
[Result "0-1"]
[ECO "D02"]
[WhiteElo "1943"]
[BlackElo "2284"]
[Annotator "ChessBase"]
[PlyCount "68"]
[EventDate "2019.07.09"]
[EventCountry "IND"]
[SourceTitle "playchess.com"]
[Source "ChessBase"]
[SourceQuality "1"]
[TimeControl "5400+30"]

1. d4 Nf6 2. Bf4 d5 3. e3 c5 4. c3 Nc6 5. Nd2 e6 6. Ngf3 Bd6 7. Bg3 O-O 8. Bd3 b6 9. Ne5 Bb7 10. f4 Ne7 11. Bf2 Ne4 12. Qc2 cxd4 13. exd4 f6 14. Ng4 Nxf2 15. Nxf2 Bxf4 16. O-O e5 17. Be2 Nc6 18. Bd3 Kh8 19. Bb5 Qc7 20. Bxc6 Qxc6 21. Nb3 Ba6 22. Rfe1 e4 23. g3 Bd6 24. Qd2 Rae8 25. Qe3 Qc7 26. Nh3 g5 27. Nd2 h6 28. Nf1 Qd7 29. Nf2 f5 30. Qd2 f4 31. g4 Bxf1 32. Kxf1 e3 33. Qd3 exf2 34. Rxe8 Rxe8 0-1

[Event "45th National Sub Junior 2019"]
[Site "Tiruchengode"]
[Date "2019.07.11"]
[Round "4.5"]
[White "Kushagra Mohan"]
[Black "Anadkat Kartavya"]
[Result "1/2-1/2"]
[ECO "C63"]
[WhiteElo "2250"]
[BlackElo "1941"]
[Annotator "NA"]
[PlyCount "110"]
[EventDate "2019.07.09"]
[EventCountry "IND"]
[SourceTitle "playchess.com"]
[Source "ChessBase"]
[SourceQuality "1"]
[TimeControl "5400+30"]

1. e4 e5 2. Nf3 Nc6 3. Bb5 f5 4. Nc3 fxe4 5. Nxe4 Nf6 6. Nxf6+ Qxf6 7. Qe2 Be7 8. Bxc6 bxc6 9. Qxe5 {[%emt 0:02:46] C63: Ruy Lopez: Schliemann/Jaenisch Defence} c5 (9... d6 10. Qxf6 Bxf6 11. d4 O-O 12. Be3 Bg4 13. O-O-O Be7 14. Rd3 Bxf3 15. gxf3 Rxf3 16. Rc3 c5 17. dxc5 dxc5 {1-0 (29) Saric,I (2695)-Nihal,S (2576) St Petersburg 2018}) 10. O-O Bb7 11. Re1 Bxf3 12. Qxf6 gxf6 13. gxf3 Rg8+ $146 ({Predecessor:} 13... Kf7 14. d3 Bd6 15. Re4 Rhg8+ 16. Kh1 Be5 {1-0 (28) Svoboda,V (2287)-Zwardon,V (2254) Kouty nad Desnou 2010}) 14. Kh1 Kf7 15. d3 Bd6 16. Bd2 f5 17. b3 Rae8 18. Rxe8 Rxe8 19. Re1 Rxe1+ 20. Bxe1 Kg6 21. Bd2 Kh5 22. Kg2 a6 23. Kh3 Be5 24. f4 Bf6 25. Ba5 c6 26. Bc7 Bh4 27. f3 Be7 28. Be5 Bf8 29. Bb2 d5 $16 30. Bc3 Bd6 31. Be5 Be7 32. c3 Kg6 33. Bc7 Bf6 34. c4 Be7 35. Ba5 Kh5 36. Be1 Kg6 37. Kg2 Kf7 38. Kf1 Ke6 39. Ke2 Kd7 40. Kd1 Kc8 41. Kc2 Kb7 42. Kb2 Bf6+ 43. Ka3 Be7 44. Ka4 Kb6 45. Bf2 Kb7 46. Be3 Bd6 47. a3 Be7 48. b4 cxb4 49. axb4 dxc4 50. dxc4 Kc8 51. Ka5 Kb7 52. b5 axb5 53. cxb5 cxb5 54. Kxb5 Kc7 55. Bd4 Kd7 1/2-1/2

[Event "45th National Sub Junior 2019"]
[Site "Tiruchengode"]
[Date "2019.07.11"]
[Round "4.6"]
[White "Ajay Karthikeyan"]
[Black "Praloy Sahoo"]
[Result "1/2-1/2"]
[ECO "A01"]
[WhiteElo "2216"]
[BlackElo "1905"]
[Annotator "NA"]
[PlyCount "70"]
[EventDate "2019.07.09"]
[EventCountry "IND"]
[SourceTitle "playchess.com"]
[Source "ChessBase"]
[SourceQuality "1"]
[TimeControl "5400+30"]

1. b3 e5 2. Bb2 Nc6 3. e3 d6 4. c4 Be7 5. Nf3 f5 6. d4 e4 7. Nfd2 Nf6 8. Nc3 O-O 9. Be2 d5 10. O-O Be6 11. f3 $11 Bb4 12. Nxd5 Nxd5 13. cxd5 Bxd5 14. fxe4 fxe4 15. Rxf8+ Qxf8 16. Bc4 Bxc4 17. bxc4 Bxd2 18. Qxd2 Qe7 19. a3 Rf8 20. Bc3 Qg5 21. Qe2 b6 22. Rf1 Rxf1+ 23. Kxf1 Ne7 24. Be1 Nf5 25. Bf2 h5 26. c5 bxc5 27. Qc4+ Kh8 28. Qxc5 Nxe3+ 29. Bxe3 Qxe3 30. Qxh5+ Kg8 31. Qe8+ Kh7 32. Qh5+ Kg8 33. Qd5+ Kh7 34. Qf5+ Kg8 35. Qe6+ Kh7 1/2-1/2